AoeStats
← Birchman

MegaRandom

507310112Analyzed
3v3 RM · 16d ago on Sep 17, 2026· 52m 5s· 6 players
Game mode
Random Map
Map size
Normal (6 player)
Population
200
Speed
Normal
Resources
Standard
Victory
Conquest
Starting age
Dark Age
Ending age
Imperial Age
RankedLock teamsTeams togetherTeam positionsShared explorationLock speedFull tech treeHidden civsTurbo modeCheats
Victory
Defeat
🇵🇱 Armenians · Poland
1175
+12
🇵🇱 Britons · Poland
1161
+12
🇵🇱 Teutons · Poland
1074
+15
🇹🇷 Italians · Türkiye
1094
-14
🇮🇹 Burgundians · Italy
1071
-13
🇧🇪 Portuguese · Belgium
1051
-12
Dark Sniper 0
9:46 Feudal Age
11:58 Loom
15:31 Castle Age
24:05 Gold Mining
24:07 Stone Mining
28:48 Double-Bit Axe
OFA
0:42 Loom
9:49 Feudal Age
14:32 Castle Age
12:41 Double-Bit Axe
15:48 Horse Collar
22:02 Wheelbarrow
23:35 Padded Archer Armor
23:25 Fletching
29:12 Imperial Age
29:36 Leather Archer Armor
29:16 Bodkin Arrow
29:32 Forging
29:27 Scale Barding Armor
33:02 Chemistry
32:07 Elite Skirmisher
36:19 Ballistics
38:36 Ring Archer Armor
38:06 Bracer
38:41 Iron Casting
38:27 Chain Barding Armor
38:51 Conscription
38:44 Pirotechnia
43:00 Thumb Ring
44:33 Hand Cart
45:11 Cavalier
45:52 Husbandry
46:02 Bloodlines
49:24 Blast Furnace
48:25 Scale Mail Armor
49:00 Plate Barding Armor
49:10 Heavy Plow
LON | Trusttheprocess
2:12 Loom
10:20 Feudal Age
14:35 Castle Age
17:38 Wheelbarrow
22:55 Fletching
22:57 Horse Collar
23:27 Stone Mining
24:55 Stone Shaft Mining
24:38 Hand Cart
30:29 Imperial Age
29:39 Bodkin Arrow
31:22 Ballistics
31:49 Heavy Plow
32:21 Circumnavigation
33:22 Crop Rotation
34:44 Bracer
35:01 Town Watch
36:31 Scale Barding Armor
36:36 Forging
36:38 Bloodlines
36:29 Husbandry
36:36 Town Patrol
37:05 Conscription
36:53 Cavalier
37:38 Gold Mining
38:22 Chain Barding Armor
38:37 Iron Casting
37:53 Double-Bit Axe
40:24 Plate Barding Armor
40:59 Blast Furnace
43:42 Thumb Ring
42:58 Elite Skirmisher
Martwy Kogut
0:31 Loom
11:19 Feudal Age
11:30 Man-at-Arms
11:57 Arson
12:17 Double-Bit Axe
12:26 Gold Mining
12:40 Long Swordsman
19:18 Fletching
19:41 Scale Mail Armor
22:07 Pikeman
24:07 Stone Mining
24:58 Horse Collar
26:21 Wheelbarrow
27:14 Forging
32:54 Castle Age
34:09 Squires
33:55 Gambesons
33:31 Two-Handed Swordsman
42:48 Heavy Plow
43:02 Bow Saw
43:27 Gold Shaft Mining
50:57 Town Watch
52:49 Hand Cart
Jakwieczo
0:33 Loom
11:12 Feudal Age
11:48 Horse Collar
14:56 Castle Age
14:13 Double-Bit Axe
16:46 Bow Saw
19:39 Fervor
22:26 Fletching
24:56 Crossbowman
28:48 Bodkin Arrow
28:54 Padded Archer Armor
29:24 Ballistics
28:43 Pikeman
32:24 Imperial Age
31:51 Yeomen
33:33 Leather Archer Armor
33:22 Scale Mail Armor
33:32 Forging
33:10 Arbalester
36:48 Wheelbarrow
36:50 Squires
36:11 Halberdier
39:11 Chemistry
40:46 Bracer
41:16 Ring Archer Armor
41:04 Chain Mail Armor
41:26 Iron Casting
40:57 Man-at-Arms
41:33 Elite Skirmisher
43:38 Long Swordsman
48:22 Heavy Plow
48:54 Gold Mining
48:55 Stone Mining
51:05 Gambesons
50:41 Two-Handed Swordsman
Birchman
0:30 Loom
10:51 Feudal Age
14:44 Castle Age
13:11 Horse Collar
15:37 Double-Bit Axe
17:53 Wheelbarrow
22:57 Town Watch
24:08 Gold Mining
25:32 Scale Barding Armor
30:02 Hand Cart
32:47 Imperial Age
30:44 Fletching
32:31 Bloodlines
32:39 Padded Archer Armor
32:34 Bodkin Arrow
32:42 Padded Archer Armor
32:28 Elite Skirmisher
33:38 Chain Barding Armor
33:35 Cavalier
37:05 Plate Barding Armor
37:33 Heavy Plow
38:15 Paladin
45:28 Pikeman
49:37 Chemistry
48:42 Siege Engineers
48:11 Halberdier
52:40 Forging
Connection lost

Rejoining the realm…

Still unreachable

The connection could not be restored.

Session expired

The server has moved on; the page needs a fresh start.